 Dungeon Crawl Stone Soup version 0.29.0-4-gdea44cf6ec (webtiles) character file.

Game seed: 4514396642435961480

68 qw the Chopper (level 4, -2/28 HPs)
             Began as a Gargoyle Fighter on Sept 7, 2022.
             Killed by nerve-wracking pain
             ... invoked by Grinder
              (6 damage)
             ... on level 3 of the Dungeon.
             The game lasted 00:00:59 (2262 turns).

qw the Chopper (Gargoyle Fighter)                   Turns: 2262, Time: 00:00:59

Health: -2/28      AC: 10    Str: 22    XL:     4   Next: 19%
Magic:  4/4        EV:  9    Int:  8    God:
Gold:   1114       SH:  4    Dex:  9    Spells: 3/3 levels left

rFire   . . .      SeeInvis .   Y - +0 war axe
rCold   + . .      Faith    .   c - +0 buckler
rNeg    + . .      Spirit   .   b - +0 scale mail
rPois   inf        Reflect  .   (no helmet)
rElec   +          Harm     .   (no cloak)
rCorr   .          Rampage  .   (no gloves)
Will    .....                   (no boots)
Stlth   ..........              g - amulet of the acrobat
HPRegen 0.09/turn               a - ring of protection from cold
MPRegen 0.09/turn               (no ring)

@: no status effects
A: sickness immunity, AC +3, negative energy resistance 1, electricity
resistance, torment resistance 1, petrification resistance
a: no special abilities


You were on level 3 of the Dungeon.
You visited 1 branch of the dungeon, and saw 3 of its levels.

You collected 1114 gold pieces.


Innate Abilities, Weirdness & Mutations

You are immune to sickness and miasma.
Your stone body is resilient. (AC +3)
You are immune to poison.
You resist negative energy. (rN+)
You are resistant to electric shocks. (rElec)
You are resistant to unholy torment.
You are immune to petrification.


   Skills:
 - Level 3.2 Fighting
 + Level 3.9 Axes
 - Level 3.2 Armour
 - Level 3.2 Shields


You had 3 spell levels left.
You didn't know any spells.
Your spell library was empty.

Inventory:

Hand Weapons
 e - a +0 whip
 Y - a +0 war axe (weapon)
Armour
 b - a +0 scale mail (worn)
 c - a +0 buckler (worn)
Jewellery
 a - a ring of protection from cold (left hand)
 g - an amulet of the acrobat (around neck)
Potions
 d - a potion of might
 h - a potion of attraction {unknown}
 j - a potion of haste {unknown}
 k - a potion of curing {unknown}

Dungeon Overview and Level Annotations

Branches:
Dungeon (3/15)

Altars:

Annotations:
D:3 Grinder


Message History

Grinder comes into view.
2245 ||| Stepping ~*~*~tactically~*~*~ (stealth).
Grinder shouts!
You closely miss Grinder. Grinder barely misses you.
You closely miss Grinder. You block Grinder's attack.
You barely miss Grinder. Grinder hits you.
You writhe in agony.
Grinder hits you.
You writhe in agony.
You closely miss Grinder. Grinder gestures at you.
You suddenly lose the ability to move!
Grinder hits you but does no damage.
Grinder blinks!
Grinder gestures at you. Pain shoots through your body!
You can move again.
You hit Grinder.
Grinder is lightly wounded.
Grinder hits you.
You closely miss Grinder.
Grinder is lightly wounded.
Grinder hits you.
You writhe in agony.
Grinder closely misses you.
You hit Grinder.
Grinder is lightly wounded.
Grinder says, "Wait up."
Grinder gestures at you.
You suddenly lose the ability to move!
Grinder gestures at you. Pain shoots through your body!
You can move again.
You barely miss Grinder.
Grinder is lightly wounded.
Grinder gestures at you.
You shrug off the repeated paralysis!
Grinder barely misses you.
You barely miss Grinder.
Grinder is lightly wounded.
Grinder gestures at you. Pain shoots through your body!
You die...

#.....# ##.###.#
#..<..# #.....#
####### #.###.#
#.###.# .#####
#.#...#
......########.#.#.#
#..........#.#.#.#
#....5.....#.....#
#....@#........###
#.....#.#..#####
#.[>.......#
####.####.##
#......# ########


You could see Grinder.

Vanquished Creatures
  2 worms (D:2)
  5 bats
  4 endoplasms
  9 giant cockroaches
  3 goblins (D:2)
  5 hobgoblins
  4 jackals (D:1)
  6 kobolds
  3 quokkas
  7 ball pythons
  3 frilled lizards
  3 rats (D:1)
54 creatures vanquished.

Vanquished Creatures (others)
  2 plants (D:1)
2 creatures vanquished.

Grand Total: 56 creatures vanquished

Notes
Turn   | Place    | Note
-------+----------+-------------------------------------------
     0 | D:1      | qw the Gargoyle Fighter began the quest for the Orb.
     0 | D:1      | Reached XP level 1. HP: 14/14 MP: 1/1
     0 | D:1      | 0 ||| qw: Version: 0.1-a-108-g9e35731
     0 | D:1      | 0 ||| qw: Game counter: 6570
     0 | D:1      | 0 ||| qw: Always use a shield: true
     0 | D:1      | 0 ||| qw: God list: Okawaru
     0 | D:1      | 0 ||| qw: Allow faded altars: false
     0 | D:1      | 0 ||| qw: Do Orc after D:15 true
     0 | D:1      | 0 ||| qw: Do second Lair branch before Depths: true
     0 | D:1      | 0 ||| qw: Lair rune preference: random
     0 | D:1      | 0 ||| qw: Plans: Normal, Zot, God:TSO, Crypt, Tomb, Zig,
                  | Orb
     0 | D:1      | 0 ||| PLANNING D:1-11
   245 | D:1      | 245 ||| Stepping ~*~*~tactically~*~*~ (stealth).
   248 | D:1      | 248 ||| Stepping ~*~*~tactically~*~*~ (stealth).
   258 | D:1      | Reached XP level 2. HP: 13/19 MP: 2/2
   334 | D:1      | 334 ||| Stepping ~*~*~tactically~*~*~ (stealth).
   427 | D:1      | Found a faded altar of an unknown god.
   789 | D:1      | Reached skill level 3 in Axes
   848 | D:1      | Reached XP level 3. HP: 18/23 MP: 3/3
  1232 | D:1      | 1232 ||| UPGRADING to amulet of the acrobat.
  1237 | D:1      | 1237 ||| READING scroll labelled YXTIX AHYAZU.
  1238 | D:1      | 1238 ||| READING 2 scrolls labelled NOECZY DIMIEGG.
  1238 | D:1      | Identified 2 scrolls of acquirement
  1238 | D:1      | 1238 ||| ACQUIRING 999 gold pieces
  1238 | D:1      | Acquired 999 gold pieces
  1240 | D:1      | 1240 ||| READING scroll of acquirement.
  1240 | D:1      | 1240 ||| ACQUIRING ring of protection from cold
  1240 | D:1      | Acquired a ring of protection from cold
  1242 | D:1      | 1242 ||| UPGRADING to ring of protection from cold.
  1243 | D:1      | 1243 ||| READING scroll labelled GAOCOI VYLADD.
  1598 | D:2      | 1598 ||| DROPPING -1 mace.
  1885 | D:2      | Reached XP level 4. HP: 28/28 MP: 4/4
  2151 | D:2      | 2151 ||| DROPPING +0 leather armour of cold resistance.
  2152 | D:2      | 2152 ||| DROPPING amulet of faith.
  2153 | D:2      | 2153 ||| READING scroll labelled WOIVOIXTEFY.
  2157 | D:2      | 2157 ||| READING scroll labelled NUECAZ TIFFUHO.
  2158 | D:2      | 2158 ||| READING scroll labelled RAPLUGROAKK.
  2183 | D:3      | 2183 ||| Stepping ~*~*~tactically~*~*~ (stealth).
  2186 | D:3      | 2186 ||| Stepping ~*~*~tactically~*~*~ (stealth).
  2244 | D:3      | Noticed Grinder
  2245 | D:3      | 2245 ||| Stepping ~*~*~tactically~*~*~ (stealth).
  2251 | D:3      | Paralysed by Grinder for 5 turns
  2259 | D:3      | Paralysed by Grinder for 2 turns
  2260 | D:3      | HP: 4/28 [Grinder/nerve-wracking pain (6)]
  2262 | D:3      | Killed from afar by Grinder

Levels and vault maps discovered:
D:1:      sevenhm_arrival_forest_fort_small_5, layout_loops_ring,
          ebering_ecumenical_altar_rust, serial_forest,
          infiniplex_forest_zigzag_2, infiniplex_forest_corner_1,
          infiniplex_forest_end_double, infiniplex_forest_clump_small,
          infiniplex_forest_fountain, infiniplex_forest_lined_room_2,
          infiniplex_forest_end_1
D:2:      layout_basic
D:3:      layout_loops_cross, gammafunk_ghost_split, grunt_decor_mini_mirrors,
          chequers_serial_rivers_micro_d, uniq_grinder

Skill      XL: |  1  2 |
---------------+-------+-----
Axes           | 2 3 |  3.9
Fighting       | |  3.2
Armour         | |  3.2
Shields        | |  3.2

Action                   |  1- 3 |  4- 6 || total
-------------------------+-------+-------++-------
Melee: War axe           |   115 |    34 ||   149
  Use: Scroll            |     4 |     3 ||     7
Armor: Scale mail        |    47 |    13 ||    60
Dodge: Dodged            |    64 |    14 ||    78
Block: Buckler           |    17 |     5 ||    22

Table legend:
 A = Non-vault XP
 B = Vault XP
 C = Vault XP percentage of total XP
 D = Non-vault monster count
 E = Vault monster count
 F = Vault count percentage of total count
                 A         B        C        D         E       F
            +---------+---------+-------+---------+---------+-------
      Total |      98 |       0 |   0.0 |      54 |       0 |   0.0
            +---------+---------+-------+---------+---------+-------
        D:1 |      46 |       0 |   0.0 |      28 |       0 |   0.0
        D:2 |      44 |       0 |   0.0 |      22 |       0 |   0.0
        D:3 |       8 |       0 |   0.0 |       4 |       0 |   0.0
            +---------+---------+-------+---------+---------+-------
